 Dungeon Crawl Stone Soup version 0.26.1-11-gd32895ea62 (webtiles) character file.

Game seed: 13716512657383541090

104204 GenialerGandalf the Severer (level 16, -4/145 HPs)
             Began as a Hill Orc Fighter on May 12, 2021.
             Was a High Priest of Beogh.
             Slain by the 26-headed Lernaean hydra (9 damage)
             ... on level 4 of the Swamp on May 14, 2021.
             The game lasted 06:56:28 (54088 turns).

GenialerGandalf the Severer (Hill Orc Fighter)     Turns: 54088, Time: 06:56:29

Health: -4/145     AC: 34    Str: 26    XL:     16   Next: 38%
Magic:  0/24       EV: 10    Int:  8    God:    Beogh [*****.]
Gold:   785        SH: 22    Dex: 10    Spells: 15/15 levels left

rFire    + + .     SeeInvis +   c - +14 obsidian axe {vorpal, +Fly SInv *Curse} (curse)
rCold    + . .     Faith    .   G - +2 tower shield {rC+}
rNeg     . . .     Spirit   +   N - +2 plate armour {rF+}
rPois    +         Reflect  .   o - +1 helmet
rElec    .         Harm     .   T - +2 cloak {rPois}
rCorr    .         Rampage  .   b - +0 pair of gloves "Qaphise" {rF+ Will+}
Will     ++...                  K - +2 pair of boots
Stlth    ..........             f - amulet "Egitsef" {Spirit +Inv}
HPRegen  0.34/turn              F - +4 ring of evasion
MPRegen  0.19/turn              B - +4 ring of protection

@: about to teleport, mesmerised, studying Evocations
A: walk on water
a: Renounce Religion, Evoke Invisibility, Evoke Flight, Smiting, Recall Orcish
Followers, Give Item to Named Follower


You were on level 4 of the Swamp.
You worshipped Beogh.
Beogh was extremely pleased with you.
You visited 5 branches of the dungeon, and saw 28 of its levels.

You collected 2472 gold pieces.
You spent 1687 gold pieces at shops.

Inventory:

Hand Weapons
 a - a +6 war axe
 c - the cursed +14 obsidian axe (weapon) {vorpal, +Fly SInv *Curse}
   (You acquired it on level 4 of the Swamp)

   It inflicts extra damage upon your enemies.
   It lets you see invisible.
   It lets you fly.
   It curses itself when equipped.
   It has a curse placed upon it.
 e - a +2 eveningstar of holy wrath
 s - a +1 trident of venom
 u - the +11 glaive "Guroxon" {elec, rF- Will+ Dex+3}
   (You found it on level 6 of the Lair of Beasts)

   Occasionally, upon striking a foe, it can discharge electrical energy and
   cause terrible harm.
   It affects your dexterity (+3).
   It makes you vulnerable to fire.
   It affects your willpower, your defense against some magical effects.
 M - a +2 scythe of venom
 Z - the +4 whip of the Eternal Void {flame, +Rage rC+ Dex-2 Stlth+}
   (You found it on level 1 of the Swamp)

   It has been specially enchanted to burn those struck by it, causing extra
   injury to most foes and up to half again as much damage against particularly
   susceptible opponents.
   It affects your dexterity (-2).
   It protects you from cold.
   It lets you go berserk.
   It makes you more stealthy.
Armour
 b - the +0 pair of gloves "Qaphise" (worn) {rF+ Will+}
   (You found it on level 3 of the Lair of Beasts)

   It protects you from fire.
   It affects your willpower, your defense against some magical effects.
 l - a +0 plate armour
 o - a +1 helmet (worn)
 v - a +2 plate armour of willpower
 x - the +2 leather armour of the Skies Above {rC+}
   (You found it on level 10 of the Dungeon)

   It protects you from cold.
 G - a +2 tower shield of cold resistance (worn)
 K - a +2 pair of boots (worn)
 N - a +2 plate armour of fire resistance (worn)
 O - a +2 robe of cold resistance
 P - the +3 leather armour of the Evening Star {rElec Will+}
   (You found it on level 14 of the Dungeon)

   It insulates you from electricity.
   It affects your willpower, your defense against some magical effects.
 T - a +2 cloak of poison resistance (worn)
 U - the +0 pair of boots "Tabaet" {rC+}
   (You found it on level 12 of the Dungeon)

   It protects you from cold.
Jewellery
 f - the amulet "Egitsef" (around neck) {Spirit +Inv}
   (You found it on level 3 of the Lair of Beasts)

   [amulet of guardian spirit]

   It causes incoming damage to be split between your health and magic.
   It lets you turn invisible.
 p - an uncursed amulet of the acrobat
 B - a +4 ring of protection (right hand)
 F - a +4 ring of evasion (left hand)
 H - an uncursed ring of resist corrosion
 Q - an uncursed amulet of regeneration
Wands
 w - a wand of iceblast (6)
 D - a wand of flame (39) (quivered)
 I - a wand of disintegration (18)
 J - a wand of enslavement (26)
 X - a wand of paralysis (22)
 Y - a wand of polymorph (11)
Scrolls
 h - 12 scrolls of teleportation
 r - 11 scrolls of remove curse
 y - 3 scrolls of fog
 L - 2 scrolls of magic mapping
 R - a scroll of torment {unknown}
 S - 4 scrolls of vulnerability
 V - a scroll of brand weapon {unknown}
 W - 2 scrolls of silence {unknown}
Potions
 d - 7 potions of might
 g - a potion of ambrosia
 i - 3 potions of curing
 j - a potion of heal wounds
 k - 6 potions of lignification
 m - a potion of resistance
 n - 2 potions of invisibility {unknown}
 q - 2 potions of mutation
 t - 11 potions of haste
 z - 3 potions of berserk rage
 A - 5 potions of degeneration
Books
 E - a manual of Evocations


   Skills:
 + Level 13.9 Fighting
 * Level 19.0 Axes
 + Level 14.7 Armour
 - Level 1.3 Dodging
 - Level 1.6 Stealth
 + Level 14.2 Shields
 * Level 11.1 Invocations
 * Level 8.2 Evocations


You had 15 spell levels left.
You didn't know any spells.
Your spell library contained the following spells:

 Spells                   Type           Power        Failure   Level
 Foxfire                  Conj/Fire      0%           100%        1
 Sandblast                Erth           0%           100%        1
 Corpse Rot               Necr/Air       N/A          100%        2
 Passwall                 Tmut/Erth      0%           100%        2
 Confusing Touch          Hex            0%           100%        3
 Conjure Flame            Conj/Fire      0%           100%        3
 Gell's Gravitas          Tloc           0%           100%        3
 Inner Flame              Hex/Fire       0%           100%        3
 Stone Arrow              Conj/Erth      0%           100%        3
 Petrify                  Tmut/Erth      0%           100%        4
 Sticky Flame             Conj/Fire      0%           100%        4
 Fireball                 Conj/Fire      0%           100%        5
 Irradiate                Conj/Tmut      0%           100%        5
 Lee's Rapid Deconstruct  Erth           0%           100%        5
 Metabolic Englaciation   Hex/Ice        0%           100%        5
 Summon Forest            Summ/Tloc      0%           100%        5
 Yara's Violent Unravell  Hex/Tmut       0%           100%        5
 Eringya's Noxious Bog    Tmut/Pois      0%           100%        6
 Hydra Form               Tmut           0%           100%        6
 Statue Form              Tmut/Erth      0%           100%        6
 Dragon Form              Tmut           0%           100%        7
 Summon Hydra             Summ           0%           100%        7


Dungeon Overview and Level Annotations

Branches:
Dungeon (15/15)            Temple (1/1) D:6            Lair (6/6) D:8
  Swamp (4/4) Lair:4       Spider (0/4) Lair:4        Slime (0/5) Lair:5
    Orc (2/2) D:11            Elf (0/3) Orc:2        Vaults (0/5) D:13
 Depths (0/5) D:15

Altars:
Ashenzari
Cheibriados
Dithmenos
Elyvilon
Fedhas
Gozag
Hepliaklqana
Kikubaaqudgha
Makhleb
Nemelex Xobeh
Okawaru
Qazlal
Ru
Sif Muna
Trog
Uskayaw
Vehumet
Wu Jian
Xom
Yredelemnul
Zin
The Shining One
Beogh
Jiyva

Shops:
D:7 :   D:14 *   D:15 [   Orc:2 [[}}

Annotations:
Lair:5 2 transporters
Swamp:1 3 runed translucent doors, Quickbrownfox's ghost, journeyman MiFi
Swamp:4 3 runed translucent doors, Lernaean hydra


Message History

The five-headed hydra barely misses you.
The five-headed hydra bites you.
* * * LOW HITPOINT WARNING * * *
The five-headed hydra completely misses you.
As you read the scroll of teleportation, it crumbles to dust.
You feel strangely unstable.
Visions of slaying the 26-headed Lernaean hydra flood into your mind.
Orgrim closely misses you.
Arbeogh casts a spell.
You block the 26-headed Lernaean hydra's attack. x3
The 26-headed Lernaean hydra bites you.
* * * LOW HITPOINT WARNING * * *
You block the 26-headed Lernaean hydra's attack.
The 26-headed Lernaean hydra completely misses you.
The 26-headed Lernaean hydra bites you!
* * * LOW HITPOINT WARNING * * *
The 26-headed Lernaean hydra barely misses you.
The 26-headed Lernaean hydra bites you but does no damage.
The 26-headed Lernaean hydra bites you!
You die... §≈.≈ ≈ ≈.≈ ≈# # ≈≈##≈ #≈$D≈≈ ♣♣ D#DD# ♣≈ DkD#

.♣♣ .###D# #
♣.≈♣♣♣≈#D@## ≈♣ ♣≈≈≈
♣.#.)o#≈.♣ .≈ ♣♣.≈≈
♣o3^4#.♣
...♣♣≈#..♣♣♣44)..♣
≈.≈♣.♣..♣≈≈♣♣§.≈♣♣
..≈≈...≈....[†.≈♣♣≈≈♣
♣≈.≈..#..)))..≈≈♣
♣......≈.).≈≈..♣♣
♣≈≈≈≈≈≈..♣♣≈≈≈.♣


You could see the 26-headed Lernaean hydra (mesmerising), a six-headed hydra, a
five-headed hydra (drained), 5 swamp dragons, a neqoxec (summoned), a swamp
drake (catching breath), a friendly orange demon (summoned), a friendly hellwing
(summoned), a friendly chaos spawn (summoned), the friendly Arbeogh the orc
sorcerer (strong, very poisoned) and the friendly Orgrim the orc warrior
(strong, confused).

Vanquished Creatures
  Rupert (Lair:4)
  A fenstrider witch (Swamp:4)
  Louise (Swamp:3)
  An orc warlord (D:11)
  A bunyip (Swamp:1)
  Azrael (Orc:2)
  Snorg (D:13)
  An ettin (D:15)
  2 ghost crabs (Swamp:2)
  A catoblepas (Lair:6)
  9 hydras
  Erolcha (D:8)
  2 centaur warriors
  An alligator (Swamp:3)
  The ghost of Voldus the Covert, a journeyman OpBr of Dithmenos (D:10)
  An ogre mage (D:15)
  2 tengu warriors (D:12)
  5 two-headed ogres
  An orc high priest (Orc:1)
  2 death yaks (Lair:6)
  A goliath frog (Swamp:1)
  2 spriggan druids
  2 swamp dragons
  A bog body (Swamp:1)
  Pikel (D:6)
  An orc sorcerer (Orc:2)
  2 manticores
  An ugly thing (D:12)
  A cyclops (D:15)
  7 elephants
  A black mamba (Lair:6)
  Joseph (D:7)
  3 cane toads
  A centaur zombie (D:13)
  2 yaktaurs (D:13)
  3 rime drakes
  A rime drake (shapeshifter) (D:14)
  A freezing wraith (D:10)
  7 komodo dragons
  4 trolls
  A jumping spider (Lair:4)
  A polar bear (Lair:6)
  2 hornets
  3 tyrant leeches
  3 blink frogs
  2 dream sheep
  A spriggan (Swamp:1)
  Sigmund (D:6)
  A wyvern (Lair:2)
  An air elemental (D:10)
  2 shadows
  3 water elementals (D:11)
  6 wraiths
  2 fire elementals
  19 yaks
  A basilisk (Lair:3)
  A steam dragon (D:9)
  A hog (D:15)
  5 vampire mosquitoes
  A swamp worm (Swamp:3)
  A warg (Orc:1)
  2 hell hounds (Orc:2)
  6 water moccasins
  2 ice beasts
  4 black bears
  3 sky beasts
  3 swamp drakes
  2 phantoms
  3 orc warriors
  An eye of draining (D:14)
  9 wolves
  4 ogres
  A necrophage (D:6)
  8 centaurs
  2 big kobolds
  A lemure (D:6)
  12 bullfrogs
  A wyvern zombie (D:8)
  5 scorpions
  3 troll zombies (D:11)
  24 killer bees
  3 howler monkeys
  13 wights
  4 electric eels
  2 bullfrog zombies
  4 hounds
  6 jellies
  A bullfrog skeleton (D:5)
  5 orc priests
  2 centaur skeletons
  7 orc wizards
  Jessica (D:2)
  3 iguanas
  Natasha (thrice) (D:4)
  8 worker ants
  3 ogre zombies (D:11)
  9 gnolls
  2 worker ant zombies
  2 howler monkey skeletons
  15 adders
  2 river rats (Lair:3)
  A shadow imp (D:10)
  An ufetubus (D:7)
  5 oozes
  3 adder skeletons
  4 worms
  2 dart slugs
  3 leopard geckos
  20 orcs
  6 giant cockroaches
  10 hobgoblins
  13 jackals
  28 kobolds
  11 quokkas
  10 bats
  4 frilled lizards
  8 goblins
  2 goblin skeletons (D:11)
  2 goblin zombies (D:11)
  A hobgoblin skeleton (D:11)
  4 hobgoblin zombies (D:11)
  An orc skeleton (D:11)
  9 orc zombies (D:11)
  A quokka skeleton (D:4)
  9 rats
  A briar patch (Swamp:3)
  4 bushes
  6 fungi
  4 plants
501 creatures vanquished.

Vanquished Creatures (collateral kills)
  A thorn hunter (Swamp:3)
  Kirke (D:15)
  Aizul (Swamp:3)
  Nessos (Lair:6)
  3 bunyips
  A dire elephant (Lair:6)
  An eleionoma (Swamp:4)
  A yaktaur captain (D:13)
  Josephine (Lair:5)
  A boulder beetle (Lair:6)
  17 hydras
  3 centaur warriors
  The ghost of keat06 the Fighter, a novice MiFi of Okawaru (D:8)
  4 alligators
  A death yak (Lair:6)
  4 two-headed ogres
  A tengu warrior (D:15)
  An ogre mage (D:15)
  A shock serpent (shapeshifter) (D:15)
  An orc high priest (Orc:2)
  A deep troll shaman (Lair:6)
  3 spriggans
  Nergalle (Lair:3)
  Sonja (Orc:1)
  3 unseen horrors (D:15)
  6 swamp dragons
  2 goliath frogs (Swamp:3)
  4 spriggan druids
  A lindwurm (Lair:5)
  5 orc knights
  2 cyclopes
  A manticore (D:15)
  4 orc sorcerers (Orc:2)
  A centaur zombie (D:15)
  15 elephants
  4 black mambas
  3 torpor snails
  8 cane toads
  2 centaur skeletons (D:15)
  A gargoyle (D:14)
  5 rime drakes
  An efreet (D:13)
  6 komodo dragons
  A yaktaur (shapeshifter) (D:13)
  A polar bear (Lair:2)
  6 trolls
  2 hornets
  A tyrant leech (Swamp:2)
  7 dream sheep
  21 blink frogs
  2 shadows
  A water elemental (D:11)
  2 wyverns
  5 wraiths
  2 fire elementals (Orc:2)
  2 hogs (D:15)
  12 yaks
  8 vampire mosquitoes
  3 basilisks
  6 swamp worms
  2 wargs (Orc:1)
  A soldier ant (D:15)
  An acid dragon (D:15)
  A hell hound (Orc:2)
  11 water moccasins
  2 swamp drakes (Swamp:4)
  9 orc warriors
  An eye of draining (D:13)
  7 ogres
  16 wolves
  13 bullfrogs
  An earth elemental (D:10)
  5 wights
  2 howler monkeys (D:13)
  2 electric eels
  A quasit (D:13)
  8 orc wizards
  6 orc priests
  A gnoll (Orc:2)
  A river rat (Lair:3)
  13 orcs
  20 bushes
  2 fungi
  9 plants
343 creatures vanquished.

Vanquished Creatures (others)
  An orc warlord (Swamp:4)
  8 orc knights
  A bunyip (Swamp:1)
  2 orc high priests
  11 orc warriors
  3 orc sorcerers
  6 orc priests
  3 bloated husks
  5 dream sheep (Lair:2)
  A water elemental (D:10)
  A fire elemental (Orc:2)
  A hell hound (Orc:2)
  10 orc wizards
  A worm (D:5)
  29 orcs
  A bush (Lair:6)
  226 fungi
  236 plants
546 creatures vanquished.

Grand Total: 1390 creatures vanquished

Notes
Turn   | Place    | Note
-------+----------+-------------------------------------------
     0 | D:1      | GenialerGandalf the Hill Orc Fighter began the quest for
                  | the Orb.
     0 | D:1      | Reached XP level 1. HP: 19/19 MP: 1/1
    51 | D:1      | Reached XP level 2. HP: 26/27 MP: 2/2
   330 | D:1      | Reached XP level 3. HP: 31/34 MP: 3/3
   449 | D:1      | Reached skill level 3 in Axes
  1126 | D:2      | Found an ancient bone altar of Kikubaaqudgha.
  1185 | D:2      | Reached XP level 4. HP: 35/41 MP: 4/4
  1382 | D:2      | Found a glowing silver altar of Zin.
  1479 | D:2      | Reached skill level 4 in Axes
  1609 | D:2      | Reached XP level 5. HP: 42/47 MP: 5/5
  1924 | D:2      | Noticed Jessica
  1930 | D:2      | Killed Jessica
  2321 | D:3      | Reached skill level 5 in Axes
  2353 | D:3      | Reached skill level 5 in Fighting
  2516 | D:3      | Reached XP level 6. HP: 47/56 MP: 6/6
  2527 | D:3      | Noticed a +0 hand axe
  2527 | D:3      | Noticed a +0 dagger
  2529 | D:3      | Found a hide-covered altar of Uskayaw.
  3208 | D:4      | Reached skill level 6 in Axes
  3238 | D:4      | Found a shimmering blue altar of Sif Muna.
  3444 | D:4      | Noticed Natasha
  3452 | D:4      | Killed Natasha
  3480 | D:4      | Reached skill level 7 in Axes
  3687 | D:4      | Reached XP level 7. HP: 61/61 MP: 7/7
  3790 | D:4      | Noticed Natasha
  3794 | D:4      | Killed Natasha
  3867 | D:4      | Noticed Natasha
  3875 | D:4      | Killed Natasha
  3892 | D:5      | Entered Level 5 of the Dungeon
  3898 | D:5      | Got an ominously black robe
  3929 | D:5      | Found a radiant altar of Vehumet.
  4008 | D:5      | Reached skill level 8 in Axes
  4136 | D:5      | Found a hazy altar of Hepliaklqana.
  4206 | D:5      | Became a worshipper of Beogh the Brigand
  4323 | D:5      | Found a bloodstained altar of Trog.
  4694 | D:6      | Reached skill level 9 in Axes
  4694 | D:6      | Reached skill level 5 in Shields
  4694 | D:6      | Reached XP level 8. HP: 70/70 MP: 8/8
  4724 | D:6      | Identified the +0 robe "Puakez" {+Blink rF- Stlth+} (You
                  | found it on level 5 of the Dungeon)
  5067 | D:6      | Reached skill level 10 in Axes
  5098 | D:6      | Noticed Pikel
  5110 | D:6      | Killed Pikel
  5482 | D:6      | Found a staircase to the Ecumenical Temple.
  5495 | D:6      | Noticed Sigmund
  5514 | D:6      | Killed Sigmund
  5515 | D:6      | Reached skill level 11 in Axes
  5515 | D:6      | Reached skill level 5 in Armour
  5515 | D:6      | Reached XP level 9. HP: 73/78 MP: 9/9
  5555 | D:6      | Got a slimy scale mail
  5934 | D:6      | Found an ornate altar of the Wu Jian Council.
  5964 | D:6      | Found a snail-covered altar of Cheibriados.
  6638 | D:7      | Noticed Joseph
  6651 | D:7      | Killed Joseph
  6652 | D:7      | Reached skill level 12 in Axes
  6764 | D:7      | Reached * piety under Beogh
  6968 | D:7      | Found Hucyhic's Book Shoppe.
  7093 | D:7      | Identified the cursed +1 scale mail "Veesur" {rF- rC+ MP+9}
                  | (You found it on level 6 of the Dungeon)
  7629 | D:8      | Noticed a centaur warrior
  8162 | D:8      | Noticed a two-headed ogre
  8206 | D:9      | Found a burning altar of Makhleb.
  8232 | D:9      | Reached XP level 10. HP: 67/86 MP: 10/10
  8285 | D:9      | Noticed a two-headed ogre
  8300 | D:8      | Killed a two-headed ogre
  8301 | D:8      | Reached skill level 13 in Axes
  8531 | D:9      | Found a blossoming altar of Fedhas.
  8730 | D:9      | Noticed Erolcha
  8753 | D:8      | Killed Erolcha
  8854 | D:8      | Killed a centaur warrior
  8969 | D:9      | Found a white marble altar of Elyvilon.
  9173 | D:9      | Killed a two-headed ogre
  9174 | D:9      | Reached skill level 14 in Axes
  9516 | D:9      | Reached ** piety under Beogh
  9519 | D:9      | Reached skill level 1 in Stealth
  9519 | D:9      | Reached XP level 11. HP: 83/97 MP: 11/11
 10644 | D:6      | :::::::
 10897 | D:8      | Found a staircase to the Lair.
 11052 | D:8      | Found a runed translucent gate.
 11053 | D:8      | Found a runed translucent gate.
 11055 | D:8      | Noticed keat06's ghost (novice MiFi)
 11057 | D:8      | Noticed a ten-headed hydra
 11058 | D:8      | Found a runed translucent gate.
 11632 | D:10     | Entered Level 10 of the Dungeon
 11632 | D:10     | Found a runed translucent gate.
 11632 | D:10     | Found a runed translucent gate.
 11632 | D:10     | Found a runed translucent gate.
 11640 | D:10     | Noticed Voldus's ghost (journeyman OpBr)
 11746 | D:10     | Found a large runed translucent door.
 11746 | D:10     | Found a large runed translucent door.
 13160 | D:11     | Noticed a two-headed ogre
 13199 | D:10     | Killed a two-headed ogre
 13513 | D:11     | Noticed a manticore
 13530 | D:11     | Killed a manticore
 13549 | D:10     | Reached *** piety under Beogh
 13756 | D:11     | Reached skill level 10 in Fighting
 13950 | D:11     | Reached skill level 15 in Axes
 15055 | D:11     | Reached skill level 1 in Dodging
 15326 | D:11     | Found a staircase to the Orcish Mines.
 16576 | D:12     | Noticed a two-headed ogre
 16587 | D:12     | Killed a two-headed ogre
 16730 | D:12     | Noticed a manticore
 16746 | D:12     | Killed a manticore
 16946 | D:12     | Reached XP level 12. HP: 107/107 MP: 12/12
 17195 | D:12     | Got a pair of translucent boots
 17364 | D:12     | Noticed an eight-headed hydra
 17372 | D:12     | Killed a 16-headed hydra
 17373 | D:12     | Reached skill level 10 in Shields
 17821 | D:13     | Noticed Snorg
 17831 | D:13     | Killed Snorg
 18002 | D:13     | Noticed a tengu warrior
 18003 | D:13     | Noticed a tengu warrior
 18062 | D:12     | Killed a tengu warrior
 18135 | D:12     | Killed a tengu warrior
 18246 | D:13     | Reached skill level 16 in Axes
 18270 | D:13     | Reached **** piety under Beogh
 18281 | D:13     | Noticed an eight-headed hydra
 18298 | D:13     | Noticed a centaur warrior
 18310 | D:13     | Killed a centaur warrior
 18324 | D:13     | Noticed a yaktaur captain
 18330 | D:13     | Found a gate to the Vaults.
 18348 | D:13     | Reached skill level 10 in Armour
 18583 | D:13     | Noticed a centaur warrior
 18731 | D:12     | Identified the cursed +0 pair of boots "Tabaet" {rC+} (You
                  | found it on level 12 of the Dungeon)
 19421 | Orc:1    | Entered Level 1 of the Orcish Mines
 19636 | Lair:1   | Entered Level 1 of the Lair of Beasts
 19804 | Lair:1   | Reached skill level 1 in Invocations
 19810 | Lair:1   | Gained Bogbrand as an ally
 20133 | Lair:1   | Noticed an eight-headed hydra
 20140 | Lair:1   | Killed an eight-headed hydra
 21121 | Lair:2   | Gained Arbeogh as an ally
 21790 | Lair:2   | Gained Grimold as an ally
 21928 | Lair:2   | Reached XP level 13. HP: 58/116 MP: 15/15
 22658 | Lair:2   | Found a shimmering altar of Xom.
 24199 | Lair:3   | Got a scorched graven amulet
 24231 | Lair:3   | Identified the amulet "Egitsef" {Spirit +Inv} (You found it
                  | on level 3 of the Lair of Beasts)
 25106 | Lair:3   | Noticed Nergalle
 25116 | Lair:3   | Killed Nergalle
 25134 | Lair:3   | Found a sparkling altar of Nemelex Xobeh.
 25235 | Lair:3   | Reached skill level 5 in Invocations
 25311 | Lair:3   | Got a pair of transparent gloves
 25322 | Lair:3   | Identified the +0 pair of gloves "Qaphise" {rF+ Will+} (You
                  | found it on level 3 of the Lair of Beasts)
 26072 | Lair:4   | Found a hole to the Spider Nest.
 26395 | Lair:4   | Reached ***** piety under Beogh
 26438 | Lair:4   | Noticed Rupert
 26453 | Lair:4   | Killed Rupert
 26759 | Lair:4   | Reached skill level 17 in Axes
 27170 | Lair:4   | Found a staircase to the Swamp.
 28253 | Lair:5   | Found a viscous altar of Jiyva.
 28254 | Lair:5   | Found a staircase to the Slime Pits.
 28354 | Lair:5   | Noticed Josephine
 28366 | Lair:5   | Killed Josephine
 28633 | Lair:5   | Reached XP level 14. HP: 93/126 MP: 18/18
 28705 | Lair:5   | Found a transporter.
 30359 | Lair:5   | Found a transporter.
 33320 | D:14     | Found Wxyani's Whimsical Warehouse.
 33501 | D:14     | Found a frozen archway.
 34137 | D:14     | Got an ichor-stained leather armour
 34138 | D:14     | Identified the +3 leather armour of the Evening Star {rElec
                  | Will+} (You found it on level 14 of the Dungeon)
 34380 | D:14     | Found a shadowy altar of Dithmenos.
 34492 | D:15     | Entered Level 15 of the Dungeon
 34997 | D:15     | Noticed Kirke
 35010 | D:15     | Killed Kirke
 35598 | D:15     | Found Jineqet's Armour Boutique.
 35615 | D:15     | Bought a +1 plate armour of fire resistance for 595 gold
                  | pieces
 35615 | D:15     | Bought a +2 cloak of poison resistance for 314 gold pieces
 35796 | D:15     | Found a staircase to the Depths.
 37141 | D:8      | Killed keat06's ghost
 37142 | D:8      | Reached skill level 1 in Evocations
 37449 | D:10     | Killed Voldus's ghost
 37536 | D:10     | Your ally Grimold died
 37552 | D:10     | Got a twisted leather armour
 37622 | D:10     | Identified the +2 leather armour of the Skies Above {rC+}
                  | (You found it on level 10 of the Dungeon)
 37982 | Lair:6   | Entered Level 6 of the Lair of Beasts
 38314 | Lair:6   | Reached ****** piety under Beogh
 38517 | Lair:6   | Reached XP level 15. HP: 134/134 MP: 19/21
 38530 | Lair:6   | Got a warped dagger
 38744 | Lair:6   | Reached skill level 18 in Axes
 39061 | Lair:6   | Noticed Nessos
 39078 | Lair:6   | Killed Nessos
 39412 | Lair:6   | Got a crystal glaive
 39427 | Lair:6   | Identified the +11 glaive "Guroxon" {elec, rF- Will+ Dex+3}
                  | (You found it on level 6 of the Lair of Beasts)
 39438 | Lair:6   | Identified the +4 dagger of the Reaper {chaos, *Noise rElec
                  | Str+4 SInv} (You found it on level 6 of the Lair of Beasts)
 41621 | Orc:1    | Noticed an orc warlord
 41628 | Orc:1    | Reached skill level 5 in Evocations
 41854 | D:11     | Killed an orc warlord
 42175 | Orc:1    | Noticed Sonja
 42358 | Orc:1    | Killed Sonja
 42700 | Orc:1    | Found a roughly hewn altar of Beogh.
 42989 | Orc:1    | Found an iron altar of Okawaru.
 43086 | Orc:2    | Entered Level 2 of the Orcish Mines
 43706 | Orc:2    | Found a staircase to the Elven Halls.
 43974 | Orc:2    | Gained Bogwik as an ally
 43979 | Orc:2    | Your ally Bogwik died
 44376 | Orc:2    | Gained Orgrim as an ally
 44392 | Orc:2    | Gained Morun as an ally
 44393 | Orc:2    | Found Deyqus's Armour Emporium.
 44393 | Orc:2    | Found Daimoh's Antique Armour Shop.
 44401 | Orc:2    | Found Peupt's Gadget Emporium.
 44401 | Orc:2    | Found Unteix Jogg's Gadget Shop.
 44833 | Orc:2    | Bought a +1 plate armour of willpower for 490 gold pieces
 44842 | Orc:2    | Bought a dazzling ring mail for 288 gold pieces
 44867 | Orc:2    | Identified the cursed +1 ring mail "Ujepum" {Rampage Str+5
                  | Dex-4} (You bought it in a shop on level 2 of the Orcish
                  | Mines)
 45053 | Orc:2    | Noticed Azrael
 45059 | Orc:2    | Gained Boderik as an ally
 45071 | Orc:2    | Killed Azrael
 45971 | Orc:1    | Reached skill level 10 in Invocations
 47002 | Temple   | Entered the Ecumenical Temple
 47636 | Swamp:1  | Entered Level 1 of the Swamp
 48187 | Swamp:1  | Found a runed translucent gate.
 48187 | Swamp:1  | Found a runed translucent gate.
 48187 | Swamp:1  | Found a runed translucent gate.
 48187 | Swamp:1  | Noticed Quickbrownfox's ghost (journeyman MiFi)
 48199 | Swamp:1  | Gained Thorok as an ally
 49186 | Swamp:1  | Got a faintly glowing whip
 49923 | Swamp:2  | Identified the +4 whip of the Eternal Void {flame, +Rage
                  | rC+ Dex-2 Stlth+} (You found it on level 1 of the Swamp)
 49940 | Swamp:2  | Got a translucent rapier
 49944 | Swamp:2  | Identified the +8 rapier "Yhedyifuth" {freeze, Will+ Dex+2
                  | Stlth+} (You found it on level 2 of the Swamp)
 50896 | Swamp:2  | Reached XP level 16. HP: 140/145 MP: 20/23
 51250 | Swamp:3  | Noticed a thorn hunter
 51260 | Swamp:3  | Killed a thorn hunter
 51303 | Swamp:3  | Gained Warrok as an ally
 51676 | Swamp:3  | Noticed Louise
 51691 | Swamp:3  | Killed Louise
 51924 | Swamp:3  | Noticed Aizul
 51938 | Swamp:3  | Killed Aizul
 52880 | Swamp:4  | Entered Level 4 of the Swamp
 52880 | Swamp:4  | Found a runed translucent gate.
 52880 | Swamp:4  | Found a runed translucent gate.
 52880 | Swamp:4  | Found a runed translucent gate.
 53824 | Swamp:4  | Noticed a fenstrider witch
 53836 | Swamp:4  | Killed a fenstrider witch
 54022 | Swamp:4  | Identified a scroll of acquirement
 54022 | Swamp:4  | Acquired the +14 obsidian axe {vorpal, +Fly SInv *Curse}
 54023 | Swamp:4  | Found the +14 obsidian axe {vorpal, +Fly SInv *Curse}
 54049 | Swamp:4  | Reached skill level 19 in Axes
 54054 | Swamp:4  | Your ally Boderik died
 54055 | Swamp:4  | Your ally Morun died
 54056 | Swamp:4  | Your ally Warrok died
 54075 | Swamp:4  | Noticed the 27-headed Lernaean hydra
 54084 | Swamp:4  | Your ally Bogbrand died
 54085 | Swamp:4  | Your ally Thorok died
 54088 | Swamp:4  | HP: 5/145 [the 26-headed Lernaean hydra (5)]
 54088 | Swamp:4  | Slain by the 26-headed Lernaean hydra

Illustrated notes

.'.#........#
≈########.### ≈# #.#
######### ## #.# #.).....#
# #.# ##'#####.# #.###
#...# #.# ########.#$.
#...####.# #........#.)c
##...#..#.# ##.######.#
{o##@...##.#.# ...>...#..#
###...###.#.# [#)###...##
###....##....#
.#.##.#..####.....#####.##
.#...###.#.......## #.#
.####.#..'......## #.# .#
##.###....### #.# .#
########## #.# .# ##...##
#.#


Turn 10644 on D:6: :::::::

Levels and vault maps discovered:
D:1:      erik_arrival_cave_to_civilisation [erik_arrival_cave_to_hall],
          layout_basic, minmay_pentomino_u2
D:2:      layout_basic, lemuel_crystal_altar, zin_statuary, uniq_jessica
D:3:      layout_rooms, dancing_weapons_uskayaw, st_stairs_1, kennysheep_potato
D:4:      layout_basic, general_overflow_altar, uniq_natasha
D:5:      layout_gridville, nicolae_overflow_hidden_temple, lemuel_doored_altar,
          fiery_altar_vehumet
D:6:      layout_loops_corners, kennysheep_little_box, nzn_wu_jian_council_hall,
          minmay_temple_entry_stoned_glass, grunt_decor_mini_mirrors,
          kennysheep_cluttered_room, lightli_corner_chamber, uniq_sigmund,
          uniq_pikel
D:7:      layout_cave_pools, serial_shops, kennysheep_mini_moat,
          minmay_manual_mares, uniq_joseph
D:8:      layout_gridville, lair_entry_dummy, gammafunk_ghost_hydra_chop
D:9:      layout_small_grid, elyvilon_altar_5, fedhas_altar_2,
          nicolae_overflow_crystal_walls, uniq_erolcha
D:10:     layout_irregular_city, gammafunk_ghost_spectres,
          lightli_elemental_guards
D:11:     layout_basic, zombieorc1_lemuel
D:12:     layout_stronghold, chequers_serial_rivers_room_b
D:13:     layout_rooms, david_vaults_2, uniq_snorg
D:14:     layout_irregular_city, chequers_serial_rivers_small_3,
          portal_ice_cave_entry_pillars_1, nicolae_alphabet_shops,
          hangedman_decor_lopped, ldierk_geyser, grunt_dithmenos_shadows
D:15:     hangedman_depths_entry_civil_slaughter, layout_rooms, serial_shops,
          shop, hangedman_decor_diamond_cutter, uniq_kirke
Temple:   zaba_magenta_temple
Lair:1:   layout_cave_pods, grunt_megastairs_2
Lair:2:   layout_chaotic_city, chequers_serial_rivers_room_a,
          kb_xom_exploding_sheep
Lair:3:   layout_cave_pods, basic_altar, pond, lemuel_fruit_tree,
          grunt_megastairs_3, uniq_nergalle
Lair:4:   layout_gridlike, swamp_mist_pool, spider_nest_entry_rubble,
          uniq_rupert
Lair:5:   gammafunk_cloud_chamber, layout_layer_cave, slime_altar_1,
          infiniplex_staircase_pool, uniq_josephine
Lair:6:   grunt_lair_end_beastmaster, layout_loops_ring, uniq_nessos
Swamp:1:  layout_basic_swamp, gammafunk_ghost_hydra_chop,
          evilmike_swamp_ruin_rubble_2
Swamp:2:  layout_basic_swamp, nicolae_swamp_trees_clearing, swamp_pool1,
          st_swamp_ruins_3
Swamp:3:  layout_basic_swamp, serial_swamp_ruin, evilmike_swamp_ruin_house_5,
          evilmike_swamp_ruin_house_6, swamp_pool4, hangedman_swamp_lotus,
          nicolae_swamp_dense_foliage, uniq_aizul, uniq_louise
Swamp:4:  swamp_old_school, layout_basic_swamp, gammafunk_ghost_split
Orc:1:    layout_caves, basic_altar, okawaru_metal_pillars_1_2, uniq_sonja
Orc:2:    grunt_orc_tribal_feast, layout_caves, uniq_azrael

Skill      XL: |  1  2  3  4  5  6  7  8  9 10 11 12 13 14 15 16 |
---------------+-------------------------------------------------+-----
Fighting       | 4 5 6 7 9 10 11 12 13 | 13.9
Axes           | 3 4 5 7 9 11 12 14 15 16 17 18 19 | 19.0
Shields        | 4 5 6 7 8 9 11 12 13 14 | 14.2
Armour         | 4 5 6 7 9 10 12 13 14 | 14.7
Stealth        | 1 |  1.6
Dodging        | 1 |  1.3
Invocations    | 3 6 8 10 11 | 11.1
Evocations     | 3 7 8 |  8.2

Action                   |  1- 3 |  4- 6 |  7- 9 | 10-12 | 13-15 | 16-18 || total
-------------------------+-------+-------+-------+-------+-------+-------++-------
Melee: War axe           |    86 |   214 |   218 |   650 |   476 |    61 ||  1705
       Trident           |       |       |       |   204 |  1934 |    11 ||  2149
       Scythe            |       |       |       |     3 |       |       ||     3
       Unarmed           |       |       |       |       |     2 |       ||     2
       Glaive            |       |       |       |       |    64 |       ||    64
       Broad axe         |       |       |       |       |       |    25 ||    25
       Whip              |       |       |       |       |       |     8 ||     8
Invok: Convert to Beogh  |       |       |     1 |       |       |       ||     1
       Recall Orcish Fol |       |       |       |     2 |    13 |     4 ||    19
       Smiting           |       |       |       |     1 |       |       ||     1
       Give Item to Name |       |       |       |       |     6 |     1 ||     7
       Resurrection      |       |       |       |       |     1 |       ||     1
 Abil: Evoke Blink       |       |       |     1 |       |       |       ||     1
  Use: Scroll            |     1 |    12 |     4 |    17 |    17 |     3 ||    54
       Potion            |       |       |     1 |     3 |     2 |     1 ||     7
 Stab: Distracted        |       |       |       |     1 |    10 |     1 ||    12
       Paralysed         |       |       |       |       |     6 |       ||     6
       Petrified         |       |       |       |       |    11 |       ||    11
Armor: Scale mail        |    14 |       |       |       |       |       ||    14
       Chain mail        |    39 |       |       |       |       |       ||    39
       Plate armour      |    28 |   190 |   148 |   536 |   662 |   138 ||  1702
Dodge: Dodged            |    28 |    49 |    51 |   360 |   496 |    71 ||  1055
Block: Kite shield       |    67 |   163 |   150 |   545 |   652 |    32 ||  1609
       Tower shield      |       |       |       |       |       |   113 ||   113
